AoeStats
← Dafixios

Four Lakes

507376522Analyzed
1v1 RM · 15d ago on Sep 17, 2026· 42m 36s· 2 players
Game mode
Random Map
Map size
Tiny (2 player)
Population
200
Speed
Normal
Resources
Standard
Victory
Conquest
Starting age
Dark Age
Ending age
Imperial Age
RankedLock teamsTeams togetherTeam positionsShared explorationLock speedFull tech treeHidden civsTurbo modeCheats
Victory
Defeat
🇺🇸 Dravidians · United States
1249
+16
🇲🇽 Japanese · Mexico
1243
-16
Dafixios
6:02 Loom
10:09 Feudal Age
10:13 Man-at-Arms
10:56 Double-Bit Axe
15:39 Arson
19:26 Castle Age
22:07 Husbandry
23:37 Wheelbarrow
23:44 Forging
23:24 Fletching
24:01 Thumb Ring
24:39 Town Watch
26:19 Ballistics
27:35 Bodkin Arrow
27:46 Scale Barding Armor
27:27 Horse Collar
30:35 Hand Cart
33:55 Town Patrol
37:54 Imperial Age
35:23 Fishing Lines
36:27 Bow Saw
36:29 Heavy Plow
37:29 Chain Barding Armor
38:37 Bracer
40:44 Yasama
41:06 Bloodlines
40:16 Light Cavalry
41:11 Guard Tower
42:22 Chemistry
Jol Nar Binks
5:27 Loom
11:34 Feudal Age
11:37 Man-at-Arms
12:36 Double-Bit Axe
12:43 Town Watch
16:37 Fletching
19:50 Castle Age
18:10 Gold Mining
21:27 Bow Saw
22:27 Bodkin Arrow
24:30 Padded Archer Armor
24:58 Elite Skirmisher
26:15 Leather Archer Armor
27:44 Ballistics
28:57 Stone Mining
29:33 Horse Collar
31:53 Wheelbarrow
32:58 Husbandry
36:38 Imperial Age
35:13 Medical Corps
36:50 Thumb Ring
37:43 Conscription
37:02 Onager
38:20 Elite Elephant Archer
39:53 Bracer
41:28 Hand Cart
42:13 Ring Archer Armor
43:48 Chemistry
Connection lost

Rejoining the realm…

Still unreachable

The connection could not be restored.

Session expired

The server has moved on; the page needs a fresh start.